[Event "Titled Tuesday Blitz June 6 Late 2023"]
[White "Domingo Nunez, Alejandro"]
[Black "Eidelman, Gabriel"]
[WhiteFideId "22245561"]
[BlackFideId "30910544"]
[WhiteElo "2291"]
[BlackElo "2453"]
[Result "1/2-1/2"]
[Round "3"]
[TimeControl "180+2"]
[Date "2023.06.07"]
[WhiteClock "0:00:28"]
[BlackClock "0:00:02"]
[Board "91"]

1. Nf3 Nf6 2. g3 g6 3. b3 Bg7 4. Bb2 O-O 5. Bg2 d6 6. d4 Nbd7 7. O-O Re8 8. c4 e5 9. dxe5 dxe5 10. Nc3 c6 11. Qc2 Qe7 12. Rad1 b6 13. Ng5 Bb7 14. Rd2 Rad8 15. Rfd1 Nf8 16. e3 Rxd2 17. Qxd2 c5 18. Bxb7 Qxb7 19. Nb5 Re7 20. Qd8 h6 21. Nh3 a6 22. Nc3 Rd7 23. Rxd7 Qxd7 24. Qxd7 N8xd7 25. Na4 Ne4 26. Kf1 b5 27. cxb5 axb5 28. Nc3 Nxc3 29. Bxc3 b4 30. Bb2 e4 31. Bxg7 Kxg7 32. Nf4 Nb6 33. Ke2 Kf6 34. Kd2 Ke5 35. Kc2 Nd5 36. Ne2 f5 37. Kb2 g5 38. h4 Kd6 39. hxg5 hxg5 40. a3 bxa3+ 41. Kxa3 Nb4 42. Nc1 Nd3 43. Nxd3 exd3 44. Kb2 Ke5 45. Kc3 Ke4 46. Kd2 g4 47. Kc3 Kf3 48. Kxd3 Kxf2 49. Kc4 Kxg3 50. Kxc5 Kf2 51. b4 g3 52. b5 g2 53. b6 g1=Q 54. b7 Qb1 55. Kc6 Qxb7+ 56. Kxb7 Kxe3 57. Kc6 f4 58. Kc5 f3 59. Kd6 f2 60. Kd5 f1=Q 61. Ke5 Qd3 62. Ke6 Qe4+ 63. Kd6 Kd4 64. Kc7 Qe5+ 65. Kb6 Qd5 66. Ka6 Kc4 67. Ka7 1/2-1/2


[Site "https://www.chess.com"]

[Event "Titled Tuesday Blitz June 6 Late 2023"]
[White "Omranalhosani21"]
[Black "Alexikov, Alexander"]
[BlackFideId "14103958"]
[WhiteElo "2613"]
[BlackElo "2186"]
[Result "1/2-1/2"]
[Round "3"]
[TimeControl "180+2"]
[Date "2023.06.07"]
[WhiteClock "0:00:05"]
[BlackClock "0:00:14"]
[Board "92"]

1. b3 Nf6 2. Bb2 d5 3. Nf3 c5 4. e3 a6 5. Be2 Nc6 6. O-O e6 7. d4 cxd4 8. exd4 Be7 9. c4 O-O 10. Nbd2 Ne4 11. Rc1 f5 12. cxd5 exd5 13. Ne5 Nxe5 14. dxe5 Qb6 15. Nf3 Be6 16. Bd4 Qa5 17. Rc2 Rac8 18. Qc1 Rxc2 19. Qxc2 Rc8 20. Qb2 Ba3 21. Qb1 h6 22. h4 Nd2 23. Nxd2 Qxd2 24. Qd1 Rc2 25. Bf3 Qxd1 26. Rxd1 Rxa2 27. Rb1 a5 28. g3 Kf7 29. Bb6 Bb4 30. Rc1 f4 31. Rc7+ Kg6 32. h5+ Kf5 33. Rxg7 Kxe5 34. Bc7+ Kd4 35. Bxf4 Be1 36. Be3+ Kc3 37. Rxb7 d4 38. Rc7+ Kd3 39. Bxh6 Bxf2+ 40. Kf1 Be3 41. Bxe3 dxe3 42. Rc6 Bxb3 43. Rd6+ Kc3 44. h6 Bc4+ 45. Kg1 e2 46. Bxe2 Rxe2 47. h7 Re8 48. g4 Rh8 49. Rd7 Bd3 50. Ra7 Kb4 51. Rb7+ Ka4 52. Rd7 Bxh7 53. g5 Be4 54. Rd4+ Kb3 55. Rxe4 Rg8 56. Re3+ Kb2 57. Re2+ Kb3 58. Re3+ Kb2 59. Re2+ Kb3 60. Re3+ 1/2-1/2


[Site "https://www.chess.com"]

[Event "Titled Tuesday Blitz June 6 Late 2023"]
[White "Roienko, Artur"]
[Black "Principe, Gerson"]
[WhiteFideId "14136732"]
[BlackFideId "3804550"]
[WhiteElo "2062"]
[BlackElo "2229"]
[Result "0-1"]
[Round "3"]
[TimeControl "180+2"]
[Date "2023.06.07"]
[WhiteClock "0:00:15"]
[BlackClock "0:00:21"]
[Board "93"]

1. e4 c5 2. c3 d5 3. exd5 Qxd5 4. Nf3 e6 5. Na3 Nf6 6. Bc4 Qd8 7. d4 cxd4 8. Nb5 a6 9. Nbxd4 Be7 10. O-O O-O 11. Qe2 Qc7 12. Rd1 Nc6 13. Bg5 h6 14. Bh4 Nxd4 15. Nxd4 Re8 16. Bb3 Bd7 17. Bg3 Qb6 18. Be5 Rad8 19. h3 Bc6 20. Rd2 Bd5 21. Bc2 Rc8 22. Qd3 Be4 23. Qe2 Bxc2 24. Rxc2 Nd7 25. Bg3 Bf6 26. Rd2 Nc5 27. Rad1 Na4 28. Be5 Bxe5 29. Qxe5 Rc5 30. Qe3 Rd5 31. b3 Nc5 32. c4 Rdd8 33. Nf3 Rxd2 34. Rxd2 Qc7 35. Qd4 Rc8 36. Ne5 f6 37. Ng6 Qf7 38. Nh4 g5 39. Nf3 Kg7 40. Nh2 Rc7 41. Qe3 b6 42. Ng4 a5 43. Rd6 Rd7 44. Rxb6 Rd1+ 45. Kh2 Qc7+ 46. g3 Qxb6 47. Qc3 e5 48. Ne3 Rd7 49. Qc2 Nd3 50. Nd5 Qxf2+ 0-1


[Site "https://www.chess.com"]

[Event "Titled Tuesday Blitz June 6 Late 2023"]
[White "Bitoon, Richard"]
[Black "Kaplan, Avi Harrison"]
[WhiteFideId "5201110"]
[BlackFideId "30934559"]
[WhiteElo "2374"]
[BlackElo "1983"]
[Result "1-0"]
[Round "3"]
[TimeControl "180+2"]
[Date "2023.06.07"]
[WhiteClock "0:00:53"]
[BlackClock "0:00:07"]
[Board "94"]

1. e4 b6 2. d4 Bb7 3. Nc3 e6 4. Bd3 f5 5. Qe2 Bb4 6. Bd2 Nf6 7. f3 Bxc3 8. Bxc3 fxe4 9. fxe4 Nxe4 10. O-O-O Nxc3 11. Qh5+ Ke7 12. Qg5+ Ke8 13. Qh5+ Ke7 14. bxc3 g6 15. Qh3 Nc6 16. Nf3 Qf8 17. Rhf1 Kd8 18. Ng5 Qa3+ 19. Kd2 Kc8 20. Rf7 a6 21. Rxd7 Kb8 22. Nxe6 Bc8 23. Qg3 Ra7 24. Rxc7 Bxe6 25. Rxh7+ Ka8 26. Rxh8+ Kb7 27. Be4 a5 28. Rb8+ Ka6 29. Bxc6 Bc4 30. Qg4 a4 31. Qc8+ Ka5 32. Ra8 Rxa8 33. Qxa8+ Ba6 34. Qg8 Qd6 35. Qd5+ Qxd5 36. Bxd5 g5 37. g3 g4 38. Be6 a3 39. Bxg4 Ka4 40. Bd7+ b5 41. Be6 Bb7 42. Bb3+ Ka5 43. h4 b4 44. cxb4+ Kxb4 45. c3+ Kb5 46. Rf1 Kb6 47. Rf5 Bc8 48. Rf6+ Kb5 49. h5 Ka5 50. h6 Bb7 51. h7 Kb5 52. h8=Q Ka5 53. Qd8+ Kb5 54. Qb6# 1-0


[Site "https://www.chess.com"]

[Event "Titled Tuesday Blitz June 6 Late 2023"]
[White "Garcia Cuenca, Victor"]
[Black "Vlassov, Nikolai"]
[WhiteFideId "2250829"]
[BlackFideId "4103360"]
[WhiteElo "2329"]
[BlackElo "2324"]
[Result "0-1"]
[Round "3"]
[TimeControl "180+2"]
[Date "2023.06.07"]
[WhiteClock "0:00:19"]
[BlackClock "0:00:07"]
[Board "96"]

1. b3 e5 2. Bb2 Nc6 3. e3 a6 4. c4 f5 5. d4 Bb4+ 6. Nd2 d6 7. a3 Bxd2+ 8. Qxd2 Nf6 9. Bd3 O-O 10. Ne2 e4 11. Bc2 d5 12. Nf4 g5 13. Ne2 Be6 14. h4 h6 15. hxg5 hxg5 16. Qc3 Kf7 17. O-O-O Rh8 18. f3 Ne7 19. Rdf1 Kg7 20. Ng3 Qd6 21. Ne2 Rxh1 22. Rxh1 Rh8 23. Rxh8 Kxh8 24. f4 Ng4 25. g3 Kg7 26. Kd2 Ng6 27. Qa5 gxf4 28. gxf4 Nh4 29. Bc3 Nf3+ 30. Kc1 Nxe3 31. Bb4 Qd7 32. Qc5 Qf7 33. Ng3 Nxc2 34. Kxc2 b6 35. Qc6 Nxd4+ 0-1


[Site "https://www.chess.com"]

[Event "Titled Tuesday Blitz June 6 Late 2023"]
[White "Melian, Juan Sebastian"]
[Black "Arnold, Ken"]
[WhiteFideId "3706575"]
[BlackFideId "2056836"]
[WhiteElo "2092"]
[BlackElo "2437"]
[Result "1/2-1/2"]
[Round "3"]
[TimeControl "180+2"]
[Date "2023.06.07"]
[WhiteClock "0:00:25"]
[BlackClock "0:00:06"]
[Board "97"]

1. e4 e5 2. Nf3 Nf6 3. Nc3 d6 4. d4 exd4 5. Nxd4 Be7 6. f3 O-O 7. Be3 b6 8. Qd2 Bb7 9. O-O-O Nc6 10. Nf5 Re8 11. g4 Bf8 12. h4 Ne5 13. Be2 a6 14. h5 b5 15. g5 Nfd7 16. b3 Nc5 17. Nd5 Ne6 18. Rdg1 Bxd5 19. Qxd5 c6 20. Qd2 c5 21. f4 Nc6 22. g6 fxg6 23. hxg6 h6 24. Bf3 Qf6 25. Kb1 Ned4 26. Bxd4 Nxd4 27. Nxd4 Qxd4 28. Qxd4 cxd4 29. Rd1 Be7 30. Rxd4 Rac8 31. Bg4 Rc5 32. Be6+ Kf8 33. Bf7 Rd8 34. Rd2 Bf6 35. Rhd1 Bc3 36. Rd3 Ke7 37. e5 d5 38. Bxd5 Rcc8 39. Bf7 Rxd3 40. Rxd3 Rc7 41. Kc1 b4 42. Kd1 a5 43. Ke2 Rd7 44. Kf3 Rxd3+ 45. cxd3 Bd2 46. Bd5 h5 47. f5 Bc3 48. f6+ Kf8 49. Ke4 gxf6 50. exf6 Bxf6 51. Kf5 Kg7 52. Bf3 h4 53. Bg4 Bd4 54. Ke4 Bf2 55. Bf5 Kf6 56. d4 Be1 57. d5 Bg3 58. Kf3 Be5 59. Ke4 Bd6 60. Kf3 h3 61. Bxh3 Kxg6 62. Ke4 Kf6 63. Be6 Ke7 64. Kd3 Kd8 65. Kc4 Kc7 66. Kb5 Be7 67. Kxa5 Bd6 68. Kb5 Kb7 69. Bd7 Kc7 70. Bc6 Be7 71. Kc4 Kb6 72. Bd7 Bd6 73. Bc6 Kc7 74. Kd4 Kb6 75. Ke4 Kc7 76. Kf5 Bc5 77. Ke6 Bd6 78. Kf5 Bc5 79. Kg4 Bd6 80. Kf3 Kb6 81. Ke2 Kc5 82. Ke3 Bc7 83. Ke4 Bd6 84. Kf5 Bc7 85. Ke6 Bf4 86. Kd7 Bg3 87. Kc8 Kb6 88. Kd7 Kc5 89. Ba8 Bf4 90. Ke6 Bd6 91. Kf5 Kd4 92. Kg4 Kc5 93. Bc6 Bc7 94. Kf3 Bd6 95. Ke2 Bc7 96. Kd3 Bd6 97. Kc2 Be5 98. Bb7 Kb6 99. Bc8 Kc5 100. Be6 Bd4 101. Kd3 Be5 102. Ke4 Bd6 103. Kf5 Bc7 104. Kg6 Bf4 105. Kf7 Be5 106. Ke8 Kb6 107. Kd7 Kc5 108. Kc8 Kb6 109. Bf5 Bf4 110. Bd3 Bg3 111. Bc4 Bf4 112. Kd7 Kc5 113. Ke6 Bd6 114. Kf5 Bc7 115. Ke4 Bd6 116. Kd3 Be5 117. Kc2 1/2-1/2


[Site "https://www.chess.com"]

[Event "Titled Tuesday Blitz June 6 Late 2023"]
[White "Przybylski, Wojciech"]
[Black "ATM622"]
[WhiteFideId "1117599"]
[WhiteElo "2228"]
[BlackElo "2600"]
[Result "1/2-1/2"]
[Round "3"]
[TimeControl "180+2"]
[Date "2023.06.07"]
[WhiteClock "0:00:10"]
[BlackClock "0:00:06"]
[Board "98"]

1. e4 c6 2. d4 d5 3. e5 c5 4. c4 cxd4 5. Nf3 dxc4 6. Bxc4 Nc6 7. e6 Bxe6 8. Bxe6 fxe6 9. Qb3 Qd5 10. Qxb7 Rb8 11. Qc7 Qd6 12. Bf4 e5 13. Qxd6 exd6 14. Bc1 e4 15. Ng5 Nf6 16. Na3 h6 17. Ne6 Kd7 18. Nf4 g5 19. Ng6 Rg8 20. Nxf8+ Rgxf8 21. h4 gxh4 22. Rxh4 h5 23. b3 Nb4 24. Bg5 Nd3+ 25. Ke2 Nd5 26. f3 Nc3+ 27. Kd2 Rg8 28. Rxh5 d5 29. Nc2 Nb5 30. a4 Nc5 31. Rb1 e3+ 32. Nxe3 dxe3+ 33. Bxe3 Rxg2+ 34. Ke1 Nc3 35. Rc1 Nd3+ 36. Kf1 Nxc1 37. Kxg2 Nxb3 38. Bxa7 Rg8+ 39. Kf2 Nxa4 40. Rxd5+ Kc6 41. Rh5 Nb2 42. Be3 Re8 43. Rh6+ Kb5 44. Rb6+ Kc4 45. Bg5 Nd3+ 46. Kg3 Nd4 47. f4 Nc5 48. Rb1 Ne4+ 49. Kg4 Kd3 50. Ra1 Rg8 51. Ra3+ Nc3 52. Kh5 Ne6 53. Ra6 Nc7 54. Rc6 N7d5 55. Kh6 Ke4 56. Kh7 Rf8 57. Kg7 Rf5 58. Re6+ Kf3 59. Re5 Kg4 60. Rxf5 Kxf5 61. Kf7 Ne4 62. Ke8 Ke6 63. Kd8 Kd6 64. Bh6 Ke6 65. Bg5 Nc5 66. Bh6 Kf5 67. Kc8 Ke6 68. Kd8 Nb7+ 69. Kc8 Nd6+ 70. Kd8 Nf7+ 71. Kc8 Nxh6 72. f5+ Kd6 73. f6 Nf7 74. Kb7 Kc5 75. Kc8 Kc6 76. Kb8 Nb6 77. Ka7 Nd7 78. Ka6 Nd6 79. f7 Kc5 80. Ka5 Nf8 81. Ka4 Kc4 82. Ka3 Nb5+ 83. Ka4 Nd4 84. Ka3 Kc3 85. Ka4 Kc4 86. Ka3 Kc5 87. Kb2 Nb5 88. Kb3 Ne6 89. Kc2 Nf8 90. Kd3 Kd6 91. Ke4 Nc7 92. Kd4 Ke7 93. Kc4 Nfe6 94. Kb4 Nd5+ 95. Kc4 Ne3+ 96. Kd3 Nf5 97. Ke4 Nd6+ 98. Kd5 Nxf7 1/2-1/2


[Site "https://www.chess.com"]

[Event "Titled Tuesday Blitz June 6 Late 2023"]
[White "Cilek, Bora"]
[Black "Can, Melih Kaan"]
[WhiteFideId "34502165"]
[BlackFideId "6317383"]
[WhiteElo "2108"]
[BlackElo "2010"]
[Result "1-0"]
[Round "3"]
[TimeControl "180+2"]
[Date "2023.06.07"]
[WhiteClock "0:00:48"]
[BlackClock "0:00:43"]
[Board "99"]

1. e4 c5 2. c3 d5 3. exd5 Qxd5 4. Nf3 Nf6 5. d4 Bg4 6. Be2 e6 7. Be3 cxd4 8. cxd4 Nc6 9. Nc3 Qd6 10. O-O Be7 11. h3 Bh5 12. a3 O-O 13. Qb3 b6 14. Rad1 Rfd8 15. Rfe1 Rac8 16. Rd2 Na5 17. Qb5 Nd5 18. Nxd5 Qxd5 19. Qa4 Nc4 20. Bxc4 Rxc4 21. Qxa7 Bxf3 22. gxf3 Bd6 23. Kg2 Qf5 24. Qxb6 Bc7 25. Qb7 Qg6+ 26. Kf1 Qf5 27. b3 Rc3 28. h4 Rb8 29. Qe4 Qh3+ 30. Ke2 Rcxb3 31. Rc1 Bd6 32. d5 e5 33. Qg4 Qxg4 34. fxg4 Rxa3 35. Rc6 Rd8 36. Bb6 1-0


[Site "https://www.chess.com"]

[Event "Titled Tuesday Blitz June 6 Late 2023"]
[White "Ansh M Shah"]
[Black "Mendez Fortes, Eduardo Jesus"]
[WhiteFideId "25033379"]
[BlackFideId "3502376"]
[WhiteElo "2084"]
[BlackElo "2307"]
[Result "0-1"]
[Round "3"]
[TimeControl "180+2"]
[Date "2023.06.07"]
[WhiteClock "0:00:01"]
[BlackClock "0:00:14"]
[Board "100"]

1. d4 Nf6 2. c4 e6 3. g3 d5 4. Bg2 dxc4 5. Nf3 a6 6. O-O Nc6 7. Nc3 Rb8 8. e4 Be7 9. d5 Nb4 10. Ne5 exd5 11. exd5 Bf5 12. a3 Nd3 13. Nxc4 O-O 14. Be3 b5 15. Na5 Nxb2 16. Qb3 Nc4 17. Nxc4 bxc4 18. Qxc4 Bd6 19. Qxa6 Ra8 20. Qc4 Re8 21. Nb5 Be5 22. Bd4 Bxd4 23. Nxd4 Bd7 24. Nc6 Bxc6 25. Qxc6 Rb8 26. Rac1 Re7 27. Rfd1 h6 28. d6 cxd6 29. Qxd6 Rd7 30. Qxb8 Qxb8 31. Rxd7 Nxd7 32. Bh3 Nb6 33. a4 Qa7 34. Rb1 g6 35. Ra1 Qa5 36. Bf1 Nxa4 37. Be2 Qb4 38. Bd1 Nc3 39. Bf3 Qb2 40. Rf1 Kg7 41. Kg2 Qd2 42. h4 g5 43. hxg5 hxg5 44. Ra1 f5 45. Ra7+ Kf6 46. Ra6+ Ke7 47. Ra7+ Kd8 48. Ra8+ Kc7 49. Ra7+ Kb6 50. Rb7+ Ka6 51. Rf7 g4 52. Rf6+ Ka7 53. Rf7+ Kb8 54. Rf8+ Kc7 55. Rf7+ Kd8 56. Bb7 Qd3 57. Bc6 Ne4 0-1


[Site "https://www.chess.com"]

[Event "Titled Tuesday Blitz June 6 Late 2023"]
[White "reevecanada"]
[Black "Amanov, Zhanibek"]
[BlackFideId "13700189"]
[WhiteElo "2590"]
[BlackElo "2134"]
[Result "1/2-1/2"]
[Round "3"]
[TimeControl "180+2"]
[Date "2023.06.07"]
[WhiteClock "0:00:58"]
[BlackClock "0:00:06"]
[Board "101"]

1. e4 Nc6 2. d4 d5 3. exd5 Qxd5 4. Nf3 Bg4 5. Be2 O-O-O 6. c3 Qh5 7. h3 Nf6 8. Qa4 e5 9. Be3 exd4 10. Nxd4 Nxd4 11. Bxg4+ Nxg4 12. Bxd4 Bd6 13. O-O Ne5 14. Nd2 Nc6 15. Be3 Rhe8 16. Nf3 Re6 17. Qg4 Qxg4 18. hxg4 f6 19. Rad1 Rde8 20. Nd4 Nxd4 21. Rxd4 Bc5 22. Ra4 Bxe3 23. fxe3 Rxe3 24. Rxa7 Kb8 25. Ra4 Re2 26. Rf2 R2e4 27. Rf4 Rxf4 28. Rxf4 Re1+ 29. Kf2 Rb1 30. Rb4 c6 31. a4 Kc7 32. Kg3 Ra1 33. Kh4 Rh1+ 34. Kg3 Rb1 35. g5 fxg5 36. Kg4 h6 37. Kf5 Rg1 38. g4 Rf1+ 39. Kg6 Rf4 40. Kxg7 c5 41. Rb5 Kc6 42. Kxh6 Rxg4 43. b3 Rg3 44. c4 g4 45. a5 Rg1 46. Rb6+ Kc7 47. Kg5 g3 48. Kg4 g2 49. Kg3 Ra1 50. Kxg2 Rxa5 51. Rg6 Ra3 52. Rg3 Kb6 53. Kf2 Ka5 54. Ke2 Kb4 55. Rg7 b6 56. Rb7 Ra6 57. Kd3 Kxb3 58. Rb8 Kb4 59. Rb7 Ka5 60. Kc3 Ra8 61. Kb3 Ka6 62. Rd7 Re8 63. Rd3 Re4 64. Rf3 Rd4 65. Rc3 b5 66. cxb5+ Kxb5 67. Rf3 Rh4 68. Kc3 Ra4 69. Kb3 c4+ 70. Kb2 Kb4 71. Rh3 Ra5 72. Rf3 Re5 73. Rg3 Re2+ 74. Kb1 Rh2 75. Kc1 Ra2 76. Kb1 Ra3 77. Rxa3 Kxa3 78. Kc2 Kb4 79. Kb2 Kb5 80. Kc3 Kc5 81. Kc2 Kd5 82. Kb2 Kd4 83. Kc2 Kd5 84. Kc3 Kc5 85. Kc2 Kb5 86. Kc3 Kc5 1/2-1/2


[Site "https://www.chess.com"]

[Event "Titled Tuesday Blitz June 6 Late 2023"]
[White "MKlose11"]
[Black "Taboas Rodriguez, Daniel"]
[BlackFideId "2208466"]
[WhiteElo "2533"]
[BlackElo "2365"]
[Result "1-0"]
[Round "3"]
[TimeControl "180+2"]
[Date "2023.06.07"]
[WhiteClock "0:00:30"]
[BlackClock "0:00:50"]
[Board "102"]

1. e4 e5 2. Nf3 Nc6 3. d4 exd4 4. Bc4 Nf6 5. O-O Nxe4 6. Re1 d5 7. Bxd5 Qxd5 8. Nc3 Qa5 9. Nxe4 Be6 10. Neg5 O-O-O 11. Nxe6 fxe6 12. Rxe6 Bd6 13. Qe2 h6 14. Bd2 Qd5 15. Qe4 Qxe4 16. Rxe4 Rhe8 17. Rae1 Rxe4 18. Rxe4 Be7 19. Kf1 Bf6 20. b3 Ne7 21. h4 c5 22. g4 Nd5 23. g5 hxg5 24. hxg5 Be7 25. Ne5 Kc7 26. f4 Bd6 27. Nf7 Rf8 28. Nxd6 Kxd6 29. Kg2 b5 30. Kg3 Ne7 31. Kg4 g6 32. b4 Nf5 33. bxc5+ Kxc5 34. Re6 Rg8 35. Rxg6 Ne3+ 36. Bxe3 Rxg6 37. Bf2 Re6 38. f5 Re2 39. Kf3 Rxc2 40. g6 Kd6 41. g7 Rc8 42. Bxd4 a5 43. Bf6 b4 44. Kf4 a4 45. Kg5 Kd5 46. Be7 b3 47. axb3 axb3 48. Bf8 1-0


[Site "https://www.chess.com"]

[Event "Titled Tuesday Blitz June 6 Late 2023"]
[White "Wadsworth, Matthew J"]
[Black "Zenin, Dmitry"]
[WhiteFideId "415804"]
[BlackFideId "4127897"]
[WhiteElo "2347"]
[BlackElo "2215"]
[Result "1-0"]
[Round "3"]
[TimeControl "180+2"]
[Date "2023.06.07"]
[WhiteClock "0:02:03"]
[BlackClock "0:01:43"]
[Board "103"]

1. c4 g6 2. g3 c5 3. Bg2 Bg7 4. Nc3 Nc6 5. Nf3 e6 6. d4 cxd4 7. Nb5 Nge7 8. Nd6+ Kf8 9. O-O Nf5 10. Bg5 Qb6 11. Nxf5 gxf5 12. Qc2 d6 13. a3 e5 14. Nh4 e4 15. Bh3 d3 16. exd3 Nd4 17. Qd1 Nf3+ 18. Nxf3 1-0


[Site "https://www.chess.com"]

[Event "Titled Tuesday Blitz June 6 Late 2023"]
[White "Chabris, Christopher"]
[Black "Makaraci, Tunahan"]
[WhiteFideId "2005263"]
[BlackFideId "6356559"]
[WhiteElo "2392"]
[BlackElo "2160"]
[Result "0-1"]
[Round "3"]
[TimeControl "180+2"]
[Date "2023.06.07"]
[WhiteClock "0:00:04"]
[BlackClock "0:00:19"]
[Board "104"]

1. e4 Nf6 2. e5 Nd5 3. d4 d6 4. Nf3 dxe5 5. Nxe5 c6 6. Bc4 Bf5 7. Qf3 e6 8. c3 Nd7 9. Nxd7 Qxd7 10. O-O Bd6 11. Bg5 O-O 12. Nd2 h6 13. Bh4 Rae8 14. Rfe1 Nf4 15. Bg3 Ng6 16. Rad1 Bxg3 17. hxg3 Qc7 18. g4 Bc2 19. Rc1 Ba4 20. g3 e5 21. b3 Bb5 22. Bxb5 cxb5 23. d5 Qd7 24. c4 f5 25. gxf5 Rxf5 26. Qg4 Kh7 27. Ne4 Ref8 28. Nc5 Qe7 29. Ne6 R8f6 30. f4 exf4 31. Ng5+ Rxg5 32. Rxe7 Rxg4 33. Rxb7 fxg3 34. c5 Nf4 35. d6 Ne2+ 36. Kg2 Rf2+ 37. Kh3 h5 38. Rh1 Nf4# 0-1


[Site "https://www.chess.com"]

[Event "Titled Tuesday Blitz June 6 Late 2023"]
[White "Aldokhin, Ivan"]
[Black "julioramirezosio"]
[WhiteFideId "24115720"]
[WhiteElo "2322"]
[BlackElo "2387"]
[Result "1-0"]
[Round "3"]
[TimeControl "180+2"]
[Date "2023.06.07"]
[WhiteClock "0:01:19"]
[BlackClock "0:00:17"]
[Board "105"]

1. e4 e5 2. Nf3 Nc6 3. Bb5 a6 4. Ba4 Nf6 5. O-O Be7 6. Re1 b5 7. Bb3 O-O 8. d4 Nxd4 9. Nxd4 exd4 10. e5 Ne8 11. Qxd4 c5 12. Qe4 Nc7 13. c4 bxc4 14. Bxc4 Rb8 15. Nc3 d6 16. exd6 Bxd6 17. Bf4 Bxf4 18. Qxf4 Rxb2 19. Rad1 Bd7 20. Na4 Ne6 21. Qe5 Rb4 22. Bxe6 fxe6 23. Nxc5 Rb5 24. Rxd7 1-0


[Site "https://www.chess.com"]

[Event "Titled Tuesday Blitz June 6 Late 2023"]
[White "OPQRC"]
[Black "Lalanne, Pablo"]
[BlackFideId "112151"]
[WhiteElo "2575"]
[BlackElo "2120"]
[Result "1-0"]
[Round "3"]
[TimeControl "180+2"]
[Date "2023.06.07"]
[WhiteClock "0:00:09"]
[BlackClock "0:00:14"]
[Board "106"]

1. e4 c5 2. Nf3 d6 3. d4 cxd4 4. Nxd4 Nf6 5. Nc3 Nc6 6. Bg5 e6 7. Qd2 Be7 8. O-O-O O-O 9. Nxc6 bxc6 10. Bxf6 gxf6 11. f4 Rb8 12. Bc4 Qb6 13. Bb3 c5 14. Na4 Qb5 15. c4 Qc6 16. Rhe1 Ba6 17. Qc2 Rb4 18. a3 Rb7 19. Rd3 Rfb8 20. Rg3+ Kf8 21. Ba2 Rc7 22. Rh3 Bc8 23. Rxh7 Ke8 24. h4 Bd7 25. Nc3 Rcb7 26. b3 Qb6 27. h5 Qa5 28. a4 Bxa4 29. bxa4 Rb2 30. Qxb2 Rxb2 31. Kxb2 Qb4+ 32. Bb3 f5 33. exf5 Bf6 34. Re3 Bd4 35. Rd3 e5 36. fxe5 dxe5 37. h6 e4 38. Rxd4 cxd4 39. Nxe4 d3 40. Rh8+ Ke7 41. h7 d2 42. Re8+ Kd7 43. Rd8+ Kxd8 44. h8=Q+ Kd7 45. Qd4+ Kc7 46. Qxd2 Qxd2+ 47. Nxd2 Kd6 48. Kc3 Ke5 49. c5 Kf4 50. Bxf7 Kg3 51. c6 a5 52. c7 Kxg2 53. c8=Q Kf2 54. Qa6 Kg3 55. Qxa5 Kg2 56. Qb5 Kf2 57. a5 1-0


[Site "https://www.chess.com"]

[Event "Titled Tuesday Blitz June 6 Late 2023"]
[White "Vaglio Munoz, Jaime"]
[Black "Fiorito, Francisco"]
[WhiteFideId "6500145"]
[BlackFideId "180165"]
[WhiteElo "2199"]
[BlackElo "2319"]
[Result "0-1"]
[Round "3"]
[TimeControl "180+2"]
[Date "2023.06.07"]
[WhiteClock "0:00:14"]
[BlackClock "0:00:33"]
[Board "107"]

1. Nf3 d5 2. c4 d4 3. e3 Nc6 4. b4 Bg4 5. Qa4 Bxf3 6. gxf3 e5 7. a3 a6 8. Qc2 Nf6 9. e4 Ne7 10. d3 Ng6 11. h4 Nh5 12. Bg5 Be7 13. Qc1 Nxh4 14. Bxe7 Qxe7 15. Nd2 Nf4 16. c5 h5 17. Qc4 Nhg6 18. O-O-O c6 19. Bh3 Nxh3 20. Rxh3 Nf4 21. Rh2 h4 22. Rdh1 h3 23. Kd1 Qg5 24. Nf1 Qh5 25. Nd2 Ke7 26. Rg1 g6 27. Rg4 Ne6 28. Nf1 Raf8 29. Ng3 Qh6 30. Qc1 f5 31. Qxh6 Rxh6 32. exf5 gxf5 33. Nxf5+ Rxf5 34. Ke2 Nf4+ 35. Kd2 Kf7 36. a4 Ng6 37. Ke2 Rh4 38. Rg3 Kf6 39. b5 axb5 40. axb5 cxb5 41. Rg1 Rh7 42. Rb1 Nf4+ 43. Kd2 Nd5 44. Rxb5 Rxf3 45. Ke2 Nc3+ 46. Kxf3 Nxb5 47. Ke4 Nc3+ 48. Kf3 Ke6 49. Kg4 Kd5 50. f4 exf4 51. Kxf4 Kxc5 52. Ke5 Rh5+ 53. Kf6 b5 54. Kg6 Rh8 55. Kf5 b4 56. Kf4 b3 57. Kg3 Rg8+ 58. Kf3 Rh8 59. Kg3 Nd1 60. Rh1 h2 61. Kf3 b2 62. Ke2 b1=Q 63. Rxd1 Qxd1+ 64. Kxd1 h1=Q+ 65. Kc2 Rh2+ 66. Kb3 Qd1+ 67. Ka3 Rh8 0-1


[Site "https://www.chess.com"]

[Event "Titled Tuesday Blitz June 6 Late 2023"]
[White "Prieto Aranguren, Alain"]
[Black "Panesso Rivera, Henry"]
[WhiteFideId "2268906"]
[BlackFideId "4402707"]
[WhiteElo "2209"]
[BlackElo "2390"]
[Result "1-0"]
[Round "3"]
[TimeControl "180+2"]
[Date "2023.06.07"]
[WhiteClock "0:00:12"]
[BlackClock "0:00:08"]
[Board "108"]

1. d4 Nf6 2. c4 e6 3. Nc3 d5 4. cxd5 exd5 5. Bg5 c6 6. Qc2 Bd6 7. e3 h6 8. Bh4 O-O 9. Bd3 Nbd7 10. Nf3 Re8 11. O-O Qe7 12. Bg3 Bxg3 13. hxg3 Nf8 14. Rab1 Be6 15. b4 a6 16. a4 N6d7 17. b5 axb5 18. axb5 c5 19. dxc5 Nxc5 20. Nd4 b6 21. Nc6 Qf6 22. Ne2 Nxd3 23. Qxd3 Bf5 24. Qb3 Bxb1 25. Qxb1 Qd6 26. Ned4 Ng6 27. Rd1 Ne7 28. Qb2 Qa3 29. Qe2 Qa4 30. Qg4 Nxc6 31. bxc6 Re4 32. f4 g6 33. c7 Qc4 34. Qd7 Ree8 35. f5 Rac8 36. fxg6 Rf8 37. gxf7+ Kh8 38. Qe6 Rxf7 39. Qxf7 Qxc7 40. Qxc7 Rxc7 41. Rb1 Rb7 42. Rb5 Kg7 43. Kf2 Kf7 44. Kf3 Ke7 45. Kf4 Kd6 46. g4 Rf7+ 47. Kg3 Kc7 48. Kh4 Re7 49. Kh5 Re4 50. Kxh6 Rxg4 51. Rb2 Rg3 52. Nf5 Rg4 53. g3 Kc6 54. Kh5 Rg8 55. g4 Kc5 56. g5 b5 57. g6 Kc4 58. g7 b4 59. Kh6 Kc3 60. Rb1 b3 61. Kh7 Rb8 62. g8=Q Rxg8 63. Kxg8 Kc2 64. Rf1 b2 65. Kf7 Kd3 66. Ke6 d4 67. exd4 Ke2 68. Rh1 1-0


[Site "https://www.chess.com"]

[Event "Titled Tuesday Blitz June 6 Late 2023"]
[White "Gerbelli Neto, Eduardo"]
[Black "ArtemDyachuk"]
[WhiteFideId "2103281"]
[WhiteElo "2178"]
[BlackElo "2567"]
[Result "1-0"]
[Round "3"]
[TimeControl "180+2"]
[Date "2023.06.07"]
[WhiteClock "0:00:40"]
[BlackClock "0:00:03"]
[Board "109"]

1. e4 c5 2. Nc3 Nc6 3. f4 d6 4. Nf3 g6 5. Bb5 Bg7 6. O-O Bd7 7. d3 Nf6 8. Bxc6 Bxc6 9. Qe2 O-O 10. h3 e5 11. Qf2 Nd7 12. f5 gxf5 13. exf5 d5 14. Qg3 f6 15. Bd2 Kh8 16. Qh4 b5 17. Ne2 c4 18. Ng3 Rg8 19. Nh5 Bf8 20. d4 e4 21. Nh2 Qe8 22. Nf4 Bd6 23. Ng6+ Kg7 24. Qh6+ Kf7 25. Qxh7+ Rg7 26. Qh5 Kg8 27. Ng4 Rh7 28. Nh6+ Kg7 29. Be3 Nf8 30. Qg4 Nxg6 31. fxg6 Rxh6 32. Bxh6+ Kxh6 33. Rxf6 Be7 34. Qh4+ Kg7 35. Rf7+ Qxf7 36. Qh7+ Kf6 37. Qxf7+ Kg5 38. Qxe7+ Kh6 39. Qh7+ Kg5 40. g7 Bd7 41. g8=Q+ Rxg8 42. Qxg8+ Kf4 43. Rf1+ Ke3 44. Qg5+ Kxd4 45. Qd2+ Kc5 46. Rf7 Be6 47. Re7 Bf5 48. c3 d4 49. Qxd4+ Kc6 50. Qf6+ Kd5 51. Re5# 1-0


[Site "https://www.chess.com"]

[Event "Titled Tuesday Blitz June 6 Late 2023"]
[White "Mortazavi, Ali"]
[Black "Pace, Christopher"]
[WhiteFideId "401323"]
[BlackFideId "2610167"]
[WhiteElo "2339"]
[BlackElo "2326"]
[Result "1-0"]
[Round "3"]
[TimeControl "180+2"]
[Date "2023.06.07"]
[WhiteClock "0:00:28"]
[BlackClock "0:00:03"]
[Board "110"]

1. Nf3 Nf6 2. g3 g6 3. Bg2 Bg7 4. O-O O-O 5. d3 d6 6. e4 Nc6 7. Nc3 e5 8. a4 h6 9. a5 a6 10. h3 Nd7 11. Nh4 Kh7 12. Nd5 Nf6 13. Ne3 Be6 14. c3 d5 15. Qe2 d4 16. Nc2 Qd7 17. Kh2 Rad8 18. c4 Qe7 19. b4 Rfe8 20. b5 Nb8 21. Ba3 Qd7 22. Rab1 c6 23. Nf3 Ng8 24. bxa6 Nxa6 25. Rb6 Rb8 26. Rfb1 Bf6 27. Nb4 Nxb4 28. Bxb4 Qc7 29. Bc5 Be7 30. Bxe7 Nxe7 31. Qb2 Bc8 32. a6 Rg8 33. Nd2 1-0


[Site "https://www.chess.com"]